TORONTO vs PHILADELPHIA

Created - March-11-21 at 14:03

Goals
1 2 3 T
TORONTO 1 1 0 2
PHILADELPHIA 0 0 1 1
Shots
1 2 3 T
TORONTO 4 10 10 24
PHILADELPHIA 10 5 9 24

1st period

1. TORONTO , Curtis Lazar 2 (Jordan Martinook 4, Josh Morrissey 8) at 4:34

Penalties :
Alex Pietrangelo (TOR) for Holding (Minor) at 2:24, Kevin Shattenkirk (TOR) for Hooking (Minor) at 7:19, Mikko Lehtonen (PHI) for Hooking (Minor) at 10:27, Richard Panik (TOR) for Hooking (Minor) at 10:27, Matt Niskanen (TOR) for Roughing (Minor) at 14:54

2nd period

2. TORONTO , Justin Williams 6 (Ondrej Palat 12, Joe Pavelski 12) at 2:19

Penalties :
Jordie Benn (TOR) for Elbowing (Minor) at 6:14, Niklas Kronwall (PHI) for Holding (Minor) at 7:09, Richard Panik (TOR) for Holding Stick (Minor) at 12:30

3rd period

3. PHILADELPHIA , Jeff Skinner 3 (Anthony Cirelli 11, Michael Stone 10) at 4:53

Penalties :
Ondrej Palat (TOR) for Tripping (Minor) at 0:29, Andre Burakovsky (PHI) for Interference (Minor) at 16:06

Goalie Stats

Anton Khudobin (TOR), 23 saves from 24 shots - (0.958), W, 9-15-2, 60:00 minutes
Brian Elliott (PHI), 22 saves from 24 shots - (0.917), L, 8-14-2, 59:04 minutes

Players Stats for TORONTO

Player Name              G  A  P  +/- PIM S  H  SB GA TA FO     MP     PP MP  PK MP  
------------------------------------------------------------------------------------
Alex Pietrangelo         0  0  0   1  2   1  0  0  0  0  0/0    24:04   2:10   4:49 
Brady Tkachuk            0  0  0   0  0   2  3  0  0  0  1/1    18:59   1:19   3:40 
Brayden Point            0  0  0   0  0   3  1  0  0  0  1/1    23:58   1:57   7:10 
Curtis Lazar             1  0  1   1  0   3  0  1  0  0  3/4     6:53   0:00   0:00 
Ethan Bear               0  0  0   0  0   0  0  0  0  0  0/0    14:12   0:00   0:27 
Joe Pavelski             0  1  1   0  0   1  1  1  0  0  12/16  17:31   0:57   3:40 
Jordan Martinook         0  1  1   1  0   0  0  0  0  0  0/0     6:53   0:00   0:00 
Jordie Benn              0  0  0   0  2   0  3  0  0  0  0/0    16:05   0:00   2:21 
Josh Morrissey           0  1  1   0  0   0  2  3  0  0  0/0    21:19   0:44   5:10 
Justin Williams          1  0  1   0  0   1  0  0  0  0  0/1    12:45   0:57   0:00 
Kevin Shattenkirk        0  0  0   0  2   1  2  1  0  0  0/0    19:53   0:44   3:45 
Mark Scheifele           0  0  0   0  0   5  0  0  0  0  18/38  23:58   1:57   7:10 
Matt Niskanen            0  0  0   1  2   1  1  0  0  0  0/0    24:23   2:10   5:08 
Nick Suzuki              0  0  0   0  0   0  2  0  0  0  6/9    12:16   0:38   0:00 
Ondrej Palat             0  1  1   0  2   2  0  0  0  0  0/0    12:44   0:57   0:00 
Oskar Lindblom           0  0  0   0  0   0  1  0  0  0  1/4    11:38   0:00   0:00 
Richard Panik            0  0  0   0  4   4  1  0  0  0  0/0    11:36   0:00   0:00 
Ryan Reaves              0  0  0   1  0   0  2  0  0  0  0/0     6:53   0:00   0:00 

Players Stats for PHILADELPHIA

Player Name              G  A  P  +/- PIM S  H  SB GA TA FO     MP     PP MP  PK MP  
------------------------------------------------------------------------------------
Adam Pelech              0  0  0  -1  0   0  1  3  0  0  0/0    23:31   5:00   1:11 
Andre Burakovsky         0  0  0   1  2   0  1  0  0  0  1/1    20:19   4:47   0:22 
Andy Andreoff            0  0  0  -1  0   1  1  0  0  0  0/2    11:05   0:14   0:49 
Anthony Cirelli          0  1  1   1  0   1  4  0  0  0  8/26   21:52   4:47   1:37 
Eeli Tolvanen            0  0  0   0  0   1  1  0  0  0  0/1     9:00   0:00   0:00 
Erik Gudbranson          0  0  0   1  0   1  2  1  0  0  0/0    20:40   5:41   1:33 
Jack Hughes              0  0  0   0  0   2  0  0  0  0  5/9     9:38   0:14   0:00 
Jeff Skinner             1  0  1   1  0   6  2  0  0  0  0/0    21:32   4:47   1:57 
Lias Andersson           0  0  0   0  0   0  1  1  0  0  0/0     9:00   0:00   0:00 
Michael Stone            0  1  1   1  0   1  0  0  0  0  0/0    19:50   5:41   1:21 
Mikko Lehtonen           0  0  0  -1  2   0  2  0  0  0  0/0    15:48   0:09   0:10 
Niklas Kronwall          0  0  0  -1  2   0  2  2  0  0  0/0    14:58   0:08   0:00 
Otto Koivula             0  0  0  -1  0   0  1  0  0  0  0/0    10:24   0:00   0:22 
Radek Faksa              0  0  0  -1  0   2  2  0  0  0  15/25  18:10   5:49   0:35 
Travis Sanheim           0  0  0  -1  0   2  1  2  0  0  0/0    23:31   5:00   1:11 
Tyler Ennis              0  0  0  -1  0   3  1  0  0  0  0/1    16:51   5:49   0:00 
Tyler Pitlick            0  0  0  -1  0   2  2  1  0  0  0/0    16:51   5:49   0:00 
Valtteri Filppula        0  0  0  -1  0   2  1  0  0  0  3/9    11:00   0:14   0:28 

3 Stars

1 - Jeff Skinner (PHI)
2 - Curtis Lazar (TOR)
3 - Anton Khudobin (TOR)

Power Play

TORONTO - 0 on 2 Attempt(s) - 0.00%
PHILADELPHIA - 0 on 6 Attempt(s) - 0.00%

Penalty Kill

TORONTO - 6 on 6 Attempt(s) - 100.00% - Score 0 goal in Penalty Kill
PHILADELPHIA - 2 on 2 Attempt(s) - 100.00% - Score 0 goal in Penalty Kill

Team Stat

TORONTO - Hits : 19 - Faceoff Wins : 42 - Blocked Shots : 6 - Penalty Minutes : 14
PHILADELPHIA - Hits : 25 - Faceoff Wins : 32 - Blocked Shots : 10 - Penalty Minutes : 6

Official

Referees : Dean Morton and Mike Campbell
Linesman : Stephen Drain and Pierre Racicot

Game Notes

No Game Note

Finance

Level 1 -- Attendance: 4427 (73.78%) -- Ticket Income $442,700
Level 2 -- Attendance: 3901 (78.02%) -- Ticket Income $234,060
Level 3 -- Attendance: 2000 (100.00%) -- Ticket Income $70,000
Level 4 -- Attendance: 3458 (86.45%) -- Ticket Income $69,160
Luxury Box -- Attendance: 658 (65.80%) -- Ticket Income $131,600
Game was played at the Wells Fargo Center.
Total Attendance: 14444 (80.24%)
Total Ticket Income: $947,520
Total Income: $947,520

TORONTO

5 vs 5 Forward 
   Center                   Left Wing                Right Wing               Time % Phy DF OF 
 1 Mark Scheifele           Brady Tkachuk            Brayden Point            35     1   2  2  
 2 Joe Pavelski             Ondrej Palat             Justin Williams          30     1   2  2  
 3 Nick Suzuki              Oskar Lindblom           Richard Panik            25     1   2  2  
 4 Curtis Lazar             Jordan Martinook         Ryan Reaves              10     1   2  2  

5 vs 5 Defense 
   Defense                  Defense                                           Time % Phy DF OF 
 1 Alex Pietrangelo         Matt Niskanen                                     35     1   2  2  
 2 Josh Morrissey           Kevin Shattenkirk                                 30     1   2  2  
 3 Ethan Bear               Jordie Benn                                       25     1   2  2  
 4 Alex Pietrangelo         Matt Niskanen                                     10     1   2  2  

PowerPlay Forward 
   Center                   Left Wing                Right Wing               Time % Phy DF OF 
 1 Mark Scheifele           Brady Tkachuk            Brayden Point            60     1   2  2  
 2 Joe Pavelski             Ondrej Palat             Justin Williams          40     1   2  2  

PowerPlay Defense
   Defense                  Defense                                           Time % Phy DF OF 
 1 Alex Pietrangelo         Matt Niskanen                                     60     1   2  2  
 2 Josh Morrissey           Kevin Shattenkirk                                 40     1   2  2  

Penalty Kill 4 Players Forward 
   Center                   Wing                     Time % Phy DF OF 
 1 Mark Scheifele           Brayden Point            60     1   2  2  
 2 Joe Pavelski             Brady Tkachuk            40     1   2  2  

Penalty Kill 4 Players Defense
   Defense                  Defense                  Time % Phy DF OF 
 1 Alex Pietrangelo         Matt Niskanen            60     1   2  2  
 2 Josh Morrissey           Kevin Shattenkirk        40     1   2  2  

Penalty Kill - 3 Players Forward 
   Forward                                           Time % Phy DF OF 
 1 Mark Scheifele                                    60     1   2  2  
 2 Brayden Point                                     40     1   2  2  

Penalty Kill - 3 Players Defense
   Defense                  Defense                  Time % Phy DF OF 
 1 Alex Pietrangelo         Matt Niskanen            60     1   2  2  
 2 Josh Morrissey           Kevin Shattenkirk        40     1   2  2  

4 vs 4 Forward 
   Center                   Wing                     Time % Phy DF OF 
 1 Mark Scheifele           Brayden Point            60     1   2  2  
 2 Joe Pavelski             Brady Tkachuk            40     1   2  2  

4 vs 4 Defense
   Defense                  Defense                  Time % Phy DF OF 
 1 Alex Pietrangelo         Matt Niskanen            60     1   2  2  
 2 Josh Morrissey           Kevin Shattenkirk        40     1   2  2  

Last Minutes Offensive
   Center                   Left Wing                Right Wing               Defense                  Defense                  
   Mark Scheifele           Brady Tkachuk            Brayden Point            Alex Pietrangelo         Matt Niskanen            

Last Minutes Defensive
   Center                   Left Wing                Right Wing               Defense                  Defense                  
   Mark Scheifele           Brady Tkachuk            Brayden Point            Alex Pietrangelo         Matt Niskanen            

Goaltenders
Starting : Anton Khudobin           
Backup : Jonathan Quick           

Extra Forwards
Normal : Nick Suzuki, Oskar Lindblom, Richard Panik - PP : Nick Suzuki, Oskar Lindblom - PK : Richard Panik
Extra Defensemen
Normal : Ethan Bear, Jordie Benn, Josh Morrissey - PP : Ethan Bear - PK : Jordie Benn, Josh Morrissey
Penalty Shots
Mark Scheifele, Brayden Point, Joe Pavelski, Brady Tkachuk, Ondrej Palat

Scratches
TOR Cap Hit (Suspend)

PHILADELPHIA

5 vs 5 Forward 
   Center                   Left Wing                Right Wing               Time % Phy DF OF 
 1 Anthony Cirelli          Jeff Skinner             Andre Burakovsky         35     1   2  2  
 2 Radek Faksa              Tyler Ennis              Tyler Pitlick            30     1   2  2  
 3 Valtteri Filppula        Otto Koivula             Andy Andreoff            25     1   2  2  
 4 Jack Hughes              Lias Andersson           Eeli Tolvanen            10     1   2  2  

5 vs 5 Defense 
   Defense                  Defense                                           Time % Phy DF OF 
 1 Adam Pelech              Travis Sanheim                                    35     1   2  2  
 2 Erik Gudbranson          Michael Stone                                     30     1   2  2  
 3 Niklas Kronwall          Mikko Lehtonen                                    25     1   2  2  
 4 Adam Pelech              Travis Sanheim                                    10     1   2  2  

PowerPlay Forward 
   Center                   Left Wing                Right Wing               Time % Phy DF OF 
 1 Anthony Cirelli          Jeff Skinner             Andre Burakovsky         60     1   2  2  
 2 Radek Faksa              Tyler Ennis              Tyler Pitlick            40     1   2  2  

PowerPlay Defense
   Defense                  Defense                                           Time % Phy DF OF 
 1 Adam Pelech              Travis Sanheim                                    60     1   2  2  
 2 Erik Gudbranson          Michael Stone                                     40     1   2  2  

Penalty Kill 4 Players Forward 
   Center                   Wing                     Time % Phy DF OF 
 1 Anthony Cirelli          Jeff Skinner             60     1   2  2  
 2 Radek Faksa              Andre Burakovsky         40     1   2  2  

Penalty Kill 4 Players Defense
   Defense                  Defense                  Time % Phy DF OF 
 1 Adam Pelech              Travis Sanheim           60     1   2  2  
 2 Erik Gudbranson          Michael Stone            40     1   2  2  

Penalty Kill - 3 Players Forward 
   Forward                                           Time % Phy DF OF 
 1 Anthony Cirelli                                   60     1   2  2  
 2 Jeff Skinner                                      40     1   2  2  

Penalty Kill - 3 Players Defense
   Defense                  Defense                  Time % Phy DF OF 
 1 Adam Pelech              Travis Sanheim           60     1   2  2  
 2 Erik Gudbranson          Michael Stone            40     1   2  2  

4 vs 4 Forward 
   Center                   Wing                     Time % Phy DF OF 
 1 Anthony Cirelli          Jeff Skinner             60     1   2  2  
 2 Radek Faksa              Andre Burakovsky         40     1   2  2  

4 vs 4 Defense
   Defense                  Defense                  Time % Phy DF OF 
 1 Adam Pelech              Travis Sanheim           60     1   2  2  
 2 Erik Gudbranson          Michael Stone            40     1   2  2  

Last Minutes Offensive
   Center                   Left Wing                Right Wing               Defense                  Defense                  
   Anthony Cirelli          Jeff Skinner             Andre Burakovsky         Adam Pelech              Travis Sanheim           

Last Minutes Defensive
   Center                   Left Wing                Right Wing               Defense                  Defense                  
   Anthony Cirelli          Jeff Skinner             Andre Burakovsky         Adam Pelech              Travis Sanheim           

Goaltenders
Starting : Brian Elliott            
Backup : Anthony Stolarz          

Extra Forwards
Normal : Valtteri Filppula, Jack Hughes, Andy Andreoff - PP : Valtteri Filppula, Jack Hughes - PK : Andy Andreoff
Extra Defensemen
Normal : Niklas Kronwall, Mikko Lehtonen, Erik Gudbranson - PP : Niklas Kronwall - PK : Mikko Lehtonen, Erik Gudbranson
Penalty Shots
Anthony Cirelli, Jeff Skinner, Radek Faksa, Andre Burakovsky, Valtteri Filppula

Scratches
Henrik Zetterberg (Healthy), Korbinian Holzer (Left Hand Injury), Mathias Brome (Healthy), PHI Cap Hit (Suspend)

% Time on Ice - TORONTO

Lines # - Real PCT - Wanted PCT - Time Play
Normal Forward
1 - 29% - 35% - 12:19
2 - 28% - 30% - 11:48
3 - 27% - 25% - 11:38
4 - 16% - 10% - 6:53
Normal Defense
1 - 32% - 35% - 13:42
2 - 33% - 30% - 14:06
3 - 32% - 25% - 13:45
4 - 3% - 10% - 1:05
PP Forward
1 - 67% - 60% - 1:57
2 - 33% - 40% - 0:57
PP Defense
1 - 75% - 60% - 2:10
2 - 25% - 40% - 0:44
PK Forward
1 - 66% - 60% - 7:10
2 - 34% - 40% - 3:40
PK Defense
1 - 57% - 60% - 6:08
2 - 43% - 40% - 4:42
PK3 Forward
1 - 0% - 60%
2 - 0% - 40%
PK3 Defense
1 - 0% - 60%
2 - 0% - 40%
44 Forward
1 - 64% - 60% - 1:57
2 - 36% - 40% - 1:06
44 Defense
1 - 57% - 60% - 1:44
2 - 43% - 40% - 1:19
Last Minute Offensive  - 0:00
Last Minute Defensive  - 0:35
Total
Forward - 60:00
Defense - 60:00

% Time on Ice - PHILADELPHIA

Lines # - Real PCT - Wanted PCT - Time Play
Normal Forward
1 - 29% - 35% - 12:26
2 - 26% - 30% - 11:02
3 - 24% - 25% - 10:02
4 - 21% - 10% - 9:00
Normal Defense
1 - 36% - 35% - 15:13
2 - 29% - 30% - 12:24
3 - 34% - 25% - 14:23
4 - 1% - 10% - 0:30
PP Forward
1 - 46% - 60% - 5:01
2 - 54% - 40% - 5:49
PP Defense
1 - 48% - 60% - 5:09
2 - 52% - 40% - 5:41
PK Forward
1 - 80% - 60% - 2:19
2 - 20% - 40% - 0:35
PK Defense
1 - 53% - 60% - 1:33
2 - 47% - 40% - 1:21
PK3 Forward
1 - 0% - 60%
2 - 0% - 40%
PK3 Defense
1 - 0% - 60%
2 - 0% - 40%
44 Forward
1 - 76% - 60% - 2:19
2 - 24% - 40% - 0:44
44 Defense
1 - 66% - 60% - 2:01
2 - 34% - 40% - 1:02
Last Minute Offensive  - 0:43
Last Minute Defensive  - 0:00
Total
Forward - 60:00
Defense - 60:00

Play-by-Play

1st period


0:01 of 1st period - Mark Scheifele wins face-off versus Anthony Cirelli in neutral zone.
0:01 of 1st period - Brayden Point is hit by Anthony Cirelli and loses puck.
0:24 of 1st period - Shot by Mark Scheifele.
0:24 of 1st period - Shot Misses the Net.
0:26 of 1st period - Shot by Matt Niskanen.
0:26 of 1st period - Shot Blocked by Adam Pelech.
0:28 of 1st period - Shot by Matt Niskanen.
0:28 of 1st period - Stopped by Brian Elliott without a rebound.
0:29 of 1st period - Radek Faksa wins face-off versus Joe Pavelski in PHILADELPHIA zone.
0:41 of 1st period - Joe Pavelski is hit by Radek Faksa and loses puck.
0:51 of 1st period - Icing by Josh Morrissey.
0:52 of 1st period - Joe Pavelski wins face-off versus Valtteri Filppula in TORONTO zone.
0:52 of 1st period - Joe Pavelski is hit by Otto Koivula.
1:06 of 1st period - Shot by Ondrej Palat.
1:06 of 1st period - Shot Misses the Net.
1:08 of 1st period - Shot by Kevin Shattenkirk.
1:08 of 1st period - Shot Misses the Net.
2:02 of 1st period - Shot by Eeli Tolvanen.
2:02 of 1st period - Deflect By Jack Hughes.
2:02 of 1st period - Stopped by Anton Khudobin without a rebound.
2:03 of 1st period - Mark Scheifele wins face-off versus Anthony Cirelli in TORONTO zone.
2:03 of 1st period - Mark Scheifele is hit by Anthony Cirelli.
2:24 of 1st period - Minor Penalty to Alex Pietrangelo for Holding.
2:25 of 1st period - Radek Faksa wins face-off versus Mark Scheifele in TORONTO zone.
2:32 of 1st period - Shot by Radek Faksa.
2:32 of 1st period - Shot Misses the Net.
2:34 of 1st period - Shot by Adam Pelech.
2:34 of 1st period - Shot Misses the Net.
2:36 of 1st period - Shot by Travis Sanheim.
2:36 of 1st period - Stopped by Anton Khudobin without a rebound.
2:37 of 1st period - Anthony Cirelli wins face-off versus Mark Scheifele in TORONTO zone.
3:16 of 1st period - Shot by Jeff Skinner.
3:16 of 1st period - Stopped by Anton Khudobin without a rebound.
3:17 of 1st period - Joe Pavelski wins face-off versus Radek Faksa in TORONTO zone.
3:26 of 1st period - Joe Pavelski is hit by Tyler Ennis and loses puck.
3:41 of 1st period - Shot by Radek Faksa.
3:41 of 1st period - Shot Blocked by Joe Pavelski.
3:43 of 1st period - Shot by Travis Sanheim.
3:43 of 1st period - Shot Misses the Net.
3:45 of 1st period - Shot by Travis Sanheim.
3:45 of 1st period - Shot Blocked by Josh Morrissey.
3:47 of 1st period - Shot by Tyler Ennis.
3:47 of 1st period - Stopped by Anton Khudobin without a rebound.
3:48 of 1st period - Mark Scheifele wins face-off versus Anthony Cirelli in TORONTO zone.
3:57 of 1st period - Matt Niskanen is hit by Jeff Skinner and loses puck.
4:10 of 1st period - Shot by Jeff Skinner.
4:10 of 1st period - Stopped by Anton Khudobin without a rebound.
4:11 of 1st period - Radek Faksa wins face-off versus Mark Scheifele in TORONTO zone.
4:12 of 1st period - Shot by Travis Sanheim.
4:12 of 1st period - Stopped by Anton Khudobin with a rebound.
4:14 of 1st period - Shot by Travis Sanheim.
4:14 of 1st period - Shot Misses the Net.
4:16 of 1st period - Shot by Travis Sanheim.
4:16 of 1st period - Shot Misses the Net.
4:31 of 1st period - Josh Morrissey is hit by Mikko Lehtonen and loses puck.
4:34 of 1st period - Shot by Jordan Martinook.
4:34 of 1st period - Deflect By Curtis Lazar.
4:34 of 1st period - Goal by Curtis Lazar - TORONTO : 1 - PHILADELPHIA : 0.
4:35 of 1st period - Nick Suzuki wins face-off versus Jack Hughes in neutral zone.
4:37 of 1st period - Josh Morrissey is hit by Eeli Tolvanen and loses puck.
4:52 of 1st period - Shot by Richard Panik.
4:52 of 1st period - Shot Blocked by Travis Sanheim.
4:54 of 1st period - Shot by Josh Morrissey.
4:54 of 1st period - Shot Blocked by Adam Pelech.
4:56 of 1st period - Shot by Nick Suzuki.
4:56 of 1st period - Shot Blocked by Travis Sanheim.
4:58 of 1st period - Shot by Kevin Shattenkirk.
4:58 of 1st period - Deflect By Richard Panik.
4:58 of 1st period - Shot Misses the Net.
5:09 of 1st period - Icing by Jack Hughes.
5:10 of 1st period - Jack Hughes wins face-off versus Mark Scheifele in PHILADELPHIA zone.
5:35 of 1st period - Shot by Mark Scheifele.
5:35 of 1st period - Deflect By Brady Tkachuk.
5:35 of 1st period - Stopped by Brian Elliott without a rebound.
5:36 of 1st period - Radek Faksa wins face-off versus Joe Pavelski in PHILADELPHIA zone.
6:03 of 1st period - Shot by Ondrej Palat.
6:03 of 1st period - Shot Misses the Net.
7:03 of 1st period - Shot by Mark Scheifele.
7:03 of 1st period - Stopped by Brian Elliott without a rebound.
7:04 of 1st period - Valtteri Filppula wins face-off versus Curtis Lazar in PHILADELPHIA zone.
7:04 of 1st period - Valtteri Filppula is hit by Ryan Reaves.
7:11 of 1st period - Adam Pelech is hit by Kevin Shattenkirk and loses puck.
7:16 of 1st period - Shot by Valtteri Filppula.
7:16 of 1st period - Shot Blocked by Curtis Lazar.
7:19 of 1st period - Minor Penalty to Kevin Shattenkirk for Hooking.
7:20 of 1st period - Mark Scheifele wins face-off versus Radek Faksa in TORONTO zone.
7:47 of 1st period - Shot by Tyler Ennis.
7:47 of 1st period - Deflect By Radek Faksa.
7:47 of 1st period - Shot Misses the Net.
7:51 of 1st period - Shot by Erik Gudbranson.
7:51 of 1st period - Shot Blocked by Josh Morrissey.
7:53 of 1st period - Shot by Erik Gudbranson.
7:53 of 1st period - Shot Misses the Net.
7:55 of 1st period - Shot by Michael Stone.
7:55 of 1st period - Shot Blocked by Josh Morrissey.
8:58 of 1st period - Off-side.
8:59 of 1st period - Joe Pavelski wins face-off versus Anthony Cirelli in neutral zone.
9:26 of 1st period - Ryan Reaves is hit by Valtteri Filppula and loses puck.
9:30 of 1st period - Jordie Benn is hit by Andy Andreoff and loses puck.
9:50 of 1st period - Ryan Reaves is hit by Niklas Kronwall and loses puck.
9:53 of 1st period - Shot by Ryan Reaves.
9:53 of 1st period - Shot Blocked by Niklas Kronwall.
10:00 of 1st period - Icing by Valtteri Filppula.
10:01 of 1st period - Nick Suzuki wins face-off versus Valtteri Filppula in PHILADELPHIA zone.
10:21 of 1st period - Nick Suzuki is hit by Niklas Kronwall and loses puck.
10:27 of 1st period - Minor Penalty to Mikko Lehtonen for Hooking.
10:27 of 1st period - Minor Penalty to Richard Panik for Hooking.
10:28 of 1st period - Anthony Cirelli wins face-off versus Mark Scheifele in PHILADELPHIA zone.
10:35 of 1st period - Mark Scheifele is hit by Anthony Cirelli and loses puck.
10:40 of 1st period - Shot by Anthony Cirelli.
10:40 of 1st period - Stopped by Anton Khudobin without a rebound.
10:41 of 1st period - Mark Scheifele wins face-off versus Anthony Cirelli in TORONTO zone.
12:32 of 1st period - Shot by Otto Koivula.
12:32 of 1st period - Shot Misses the Net.
12:36 of 1st period - Shot by Valtteri Filppula.
12:36 of 1st period - Shot Misses the Net.
12:40 of 1st period - Shot by Valtteri Filppula.
12:40 of 1st period - Stopped by Anton Khudobin without a rebound.
12:41 of 1st period - Jack Hughes wins face-off versus Joe Pavelski in TORONTO zone.
12:42 of 1st period - Shot by Eeli Tolvanen.
12:42 of 1st period - Shot Misses the Net.
13:12 of 1st period - Kevin Shattenkirk is hit by Lias Andersson and loses puck.
13:34 of 1st period - Mikko Lehtonen is hit by Nick Suzuki and loses puck.
14:03 of 1st period - Shot by Richard Panik.
14:03 of 1st period - Shot Misses the Net.
14:05 of 1st period - Shot by Jordie Benn.
14:05 of 1st period - Shot Misses the Net.
14:07 of 1st period - Shot by Jordie Benn.
14:07 of 1st period - Shot Blocked by Lias Andersson.
14:27 of 1st period - Icing by Travis Sanheim.
14:28 of 1st period - Curtis Lazar wins face-off versus Anthony Cirelli in PHILADELPHIA zone.
14:28 of 1st period - Jordan Martinook is hit by Adam Pelech and loses puck.
14:54 of 1st period - Minor Penalty to Matt Niskanen for Roughing.
14:55 of 1st period - Radek Faksa wins face-off versus Mark Scheifele in TORONTO zone.
14:58 of 1st period - Shot by Tyler Pitlick.
14:58 of 1st period - Shot Misses the Net.
15:00 of 1st period - Shot by Tyler Pitlick.
15:00 of 1st period - Stopped by Anton Khudobin without a rebound.
15:01 of 1st period - Radek Faksa wins face-off versus Mark Scheifele in TORONTO zone.
15:04 of 1st period - Shot by Michael Stone.
15:04 of 1st period - Stopped by Anton Khudobin without a rebound.
15:05 of 1st period - Andre Burakovsky wins face-off versus Mark Scheifele in TORONTO zone.
15:18 of 1st period - Shot by Adam Pelech.
15:18 of 1st period - Shot Misses the Net.
15:40 of 1st period - Shot by Anthony Cirelli.
15:40 of 1st period - Shot Misses the Net.
16:07 of 1st period - Icing by Michael Stone.
16:08 of 1st period - Radek Faksa wins face-off versus Mark Scheifele in PHILADELPHIA zone.
16:32 of 1st period - Joe Pavelski is hit by Radek Faksa and loses puck.
17:17 of 1st period - Shot by Nick Suzuki.
17:17 of 1st period - Shot Misses the Net.
17:26 of 1st period - Off-side.
17:27 of 1st period - Joe Pavelski wins face-off versus Eeli Tolvanen in neutral zone.
18:00 of 1st period - Shot by Ondrej Palat.
18:00 of 1st period - Shot Misses the Net.
18:11 of 1st period - Icing by Mikko Lehtonen.
18:12 of 1st period - Jack Hughes wins face-off versus Mark Scheifele in PHILADELPHIA zone.
18:28 of 1st period - Tyler Ennis is hit by Josh Morrissey and loses puck.
18:50 of 1st period - Icing by Michael Stone.
18:51 of 1st period - Radek Faksa wins face-off versus Nick Suzuki in PHILADELPHIA zone.
19:02 of 1st period - Tyler Pitlick is hit by Jordie Benn and loses puck.
19:16 of 1st period - Icing by Ethan Bear.
19:17 of 1st period - Anthony Cirelli wins face-off versus Oskar Lindblom in TORONTO zone.
19:53 of 1st period - Andre Burakovsky is hit by Matt Niskanen and loses puck.
Goals for this period are 1 for TORONTO vs 0 for PHILADELPHIA.
Shots for this period are 4 for TORONTO vs 10 for PHILADELPHIA.

2nd period


0:01 of 2nd period - Mark Scheifele wins face-off versus Anthony Cirelli in neutral zone.
0:03 of 2nd period - Off-side.
0:04 of 2nd period - Mark Scheifele wins face-off versus Radek Faksa in neutral zone.
0:04 of 2nd period - Alex Pietrangelo is hit by Tyler Pitlick and loses puck.
0:18 of 2nd period - Shot by Mark Scheifele.
0:18 of 2nd period - Stopped by Brian Elliott without a rebound.
0:19 of 2nd period - Joe Pavelski wins face-off versus Anthony Cirelli in PHILADELPHIA zone.
0:20 of 2nd period - Shot by Ondrej Palat.
0:20 of 2nd period - Stopped by Brian Elliott with a rebound.
0:25 of 2nd period - Travis Sanheim is hit by Kevin Shattenkirk and loses puck.
0:46 of 2nd period - Shot by Jeff Skinner.
0:46 of 2nd period - Stopped by Anton Khudobin without a rebound.
0:47 of 2nd period - Radek Faksa wins face-off versus Mark Scheifele in TORONTO zone.
0:56 of 2nd period - Shot by Tyler Pitlick.
0:56 of 2nd period - Stopped by Anton Khudobin with a rebound.
0:58 of 2nd period - Shot by Radek Faksa.
0:58 of 2nd period - Stopped by Anton Khudobin without a rebound.
0:59 of 2nd period - Nick Suzuki wins face-off versus Valtteri Filppula in TORONTO zone.
1:10 of 2nd period - Shot by Oskar Lindblom.
1:10 of 2nd period - Shot Misses the Net.
1:12 of 2nd period - Shot by Oskar Lindblom.
1:12 of 2nd period - Shot Misses the Net.
1:14 of 2nd period - Shot by Oskar Lindblom.
1:14 of 2nd period - Shot Blocked by Niklas Kronwall.
1:16 of 2nd period - Shot by Richard Panik.
1:16 of 2nd period - Stopped by Brian Elliott with a rebound.
1:26 of 2nd period - Shot by Richard Panik.
1:26 of 2nd period - Stopped by Brian Elliott without a rebound.
1:27 of 2nd period - Anthony Cirelli wins face-off versus Mark Scheifele in PHILADELPHIA zone.
1:39 of 2nd period - Brayden Point is hit by Erik Gudbranson and loses puck.
2:06 of 2nd period - Shot by Mark Scheifele.
2:06 of 2nd period - Shot Misses the Net.
2:08 of 2nd period - Shot by Mark Scheifele.
2:08 of 2nd period - Stopped by Brian Elliott without a rebound.
2:09 of 2nd period - Radek Faksa wins face-off versus Justin Williams in PHILADELPHIA zone.
2:15 of 2nd period - Icing by Adam Pelech.
2:16 of 2nd period - Joe Pavelski wins face-off versus Radek Faksa in PHILADELPHIA zone.
2:19 of 2nd period - Shot by Justin Williams.
2:19 of 2nd period - Goal by Justin Williams - TORONTO : 2 - PHILADELPHIA : 0.
2:20 of 2nd period - Joe Pavelski wins face-off versus Radek Faksa in neutral zone.
2:23 of 2nd period - Shot by Justin Williams.
2:23 of 2nd period - Shot Misses the Net.
2:55 of 2nd period - Adam Pelech is hit by Joe Pavelski and loses puck.
3:34 of 2nd period - Shot by Anthony Cirelli.
3:34 of 2nd period - Shot Blocked by Kevin Shattenkirk.
3:51 of 2nd period - Brayden Point is hit by Erik Gudbranson and loses puck.
3:58 of 2nd period - Shot by Brayden Point.
3:58 of 2nd period - Shot Misses the Net.
4:32 of 2nd period - Shot by Ethan Bear.
4:32 of 2nd period - Shot Misses the Net.
4:34 of 2nd period - Shot by Richard Panik.
4:34 of 2nd period - Stopped by Brian Elliott without a rebound.
4:35 of 2nd period - Curtis Lazar wins face-off versus Valtteri Filppula in PHILADELPHIA zone.
6:13 of 2nd period - Adam Pelech is hit by Jordie Benn and loses puck.
6:14 of 2nd period - Minor Penalty to Jordie Benn for Elbowing.
6:15 of 2nd period - Radek Faksa wins face-off versus Mark Scheifele in TORONTO zone.
6:51 of 2nd period - Icing by Radek Faksa.
6:52 of 2nd period - Radek Faksa wins face-off versus Mark Scheifele in PHILADELPHIA zone.
6:52 of 2nd period - Radek Faksa is hit by Brayden Point.
7:09 of 2nd period - Minor Penalty to Niklas Kronwall for Holding.
7:10 of 2nd period - Anthony Cirelli wins face-off versus Joe Pavelski in PHILADELPHIA zone.
8:51 of 2nd period - Shot by Brayden Point.
8:51 of 2nd period - Stopped by Brian Elliott without a rebound.
8:52 of 2nd period - Joe Pavelski wins face-off versus Anthony Cirelli in PHILADELPHIA zone.
9:04 of 2nd period - Shot by Joe Pavelski.
9:04 of 2nd period - Stopped by Brian Elliott without a rebound.
9:05 of 2nd period - Mark Scheifele wins face-off versus Andy Andreoff in PHILADELPHIA zone.
9:24 of 2nd period - Ethan Bear is hit by Mikko Lehtonen and loses puck.
9:37 of 2nd period - Shot by Tyler Ennis.
9:37 of 2nd period - Shot Misses the Net.
9:39 of 2nd period - Shot by Radek Faksa.
9:39 of 2nd period - Stopped by Anton Khudobin without a rebound.
9:40 of 2nd period - Jack Hughes wins face-off versus Oskar Lindblom in TORONTO zone.
10:33 of 2nd period - Off-side.
10:34 of 2nd period - Radek Faksa wins face-off versus Mark Scheifele in neutral zone.
10:53 of 2nd period - Travis Sanheim is hit by Brady Tkachuk and loses puck.
11:19 of 2nd period - Tyler Ennis is hit by Josh Morrissey and loses puck.
11:53 of 2nd period - Icing by Niklas Kronwall.
11:54 of 2nd period - Nick Suzuki wins face-off versus Anthony Cirelli in PHILADELPHIA zone.
12:28 of 2nd period - Jeff Skinner is hit by Richard Panik and loses puck.
12:30 of 2nd period - Minor Penalty to Richard Panik for Holding Stick.
12:31 of 2nd period - Mark Scheifele wins face-off versus Radek Faksa in TORONTO zone.
12:46 of 2nd period - Shot by Brayden Point.
12:46 of 2nd period - Shot Blocked by Erik Gudbranson.
13:41 of 2nd period - Shot by Jeff Skinner.
13:41 of 2nd period - Stopped by Anton Khudobin without a rebound.
13:42 of 2nd period - Anthony Cirelli wins face-off versus Mark Scheifele in TORONTO zone.
14:09 of 2nd period - Shot by Jeff Skinner.
14:09 of 2nd period - Deflect By Anthony Cirelli.
14:09 of 2nd period - Shot Misses the Net.
14:11 of 2nd period - Shot by Andre Burakovsky.
14:11 of 2nd period - Shot Misses the Net.
14:30 of 2nd period - Erik Gudbranson is hit by Nick Suzuki and loses puck.
14:45 of 2nd period - Shot by Oskar Lindblom.
14:45 of 2nd period - Shot Misses the Net.
14:47 of 2nd period - Shot by Nick Suzuki.
14:47 of 2nd period - Shot Misses the Net.
15:33 of 2nd period - Shot by Ondrej Palat.
15:33 of 2nd period - Deflect By Joe Pavelski.
15:33 of 2nd period - Shot Misses the Net.
15:49 of 2nd period - Shot by Otto Koivula.
15:49 of 2nd period - Shot Misses the Net.
18:11 of 2nd period - Shot by Mark Scheifele.
18:11 of 2nd period - Deflect By Brayden Point.
18:11 of 2nd period - Stopped by Brian Elliott without a rebound.
18:12 of 2nd period - Nick Suzuki wins face-off versus Anthony Cirelli in PHILADELPHIA zone.
18:36 of 2nd period - Icing by Jeff Skinner.
18:37 of 2nd period - Curtis Lazar wins face-off versus Anthony Cirelli in PHILADELPHIA zone.
18:42 of 2nd period - Shot by Jordan Martinook.
18:42 of 2nd period - Shot Misses the Net.
18:45 of 2nd period - Icing by Erik Gudbranson.
18:46 of 2nd period - Anthony Cirelli wins face-off versus Mark Scheifele in PHILADELPHIA zone.
Goals for this period are 1 for TORONTO vs 0 for PHILADELPHIA.
Shots for this period are 10 for TORONTO vs 5 for PHILADELPHIA.

3rd period


0:01 of 3rd period - Mark Scheifele wins face-off versus Anthony Cirelli in neutral zone.
0:24 of 3rd period - Shot by Brayden Point.
0:24 of 3rd period - Deflect By Mark Scheifele.
0:24 of 3rd period - Stopped by Brian Elliott without a rebound.
0:25 of 3rd period - Joe Pavelski wins face-off versus Radek Faksa in PHILADELPHIA zone.
0:29 of 3rd period - Minor Penalty to Ondrej Palat for Tripping.
0:30 of 3rd period - Mark Scheifele wins face-off versus Radek Faksa in TORONTO zone.
0:38 of 3rd period - Icing by Travis Sanheim.
0:39 of 3rd period - Mark Scheifele wins face-off versus Radek Faksa in PHILADELPHIA zone.
1:04 of 3rd period - Shot by Tyler Ennis.
1:04 of 3rd period - Stopped by Anton Khudobin without a rebound.
1:05 of 3rd period - Mark Scheifele wins face-off versus Anthony Cirelli in TORONTO zone.
1:16 of 3rd period - Kevin Shattenkirk is hit by Jeff Skinner.
1:20 of 3rd period - Andre Burakovsky is hit by Brady Tkachuk and loses puck.
2:11 of 3rd period - Shot by Tyler Ennis.
2:11 of 3rd period - Stopped by Anton Khudobin without a rebound.
2:12 of 3rd period - Mark Scheifele wins face-off versus Tyler Ennis in TORONTO zone.
2:48 of 3rd period - Shot by Valtteri Filppula.
2:48 of 3rd period - Stopped by Anton Khudobin with a rebound.
3:09 of 3rd period - Valtteri Filppula is hit by Ryan Reaves and loses puck.
3:29 of 3rd period - Icing by Mikko Lehtonen.
3:30 of 3rd period - Mark Scheifele wins face-off versus Valtteri Filppula in PHILADELPHIA zone.
4:53 of 3rd period - Shot by Jeff Skinner.
4:53 of 3rd period - Goal by Jeff Skinner - TORONTO : 2 - PHILADELPHIA : 1.
4:54 of 3rd period - Oskar Lindblom wins face-off versus Jack Hughes in neutral zone.
5:00 of 3rd period - Icing by Erik Gudbranson.
5:01 of 3rd period - Nick Suzuki wins face-off versus Jack Hughes in PHILADELPHIA zone.
5:10 of 3rd period - Shot by Jack Hughes.
5:10 of 3rd period - Shot Misses the Net.
5:12 of 3rd period - Shot by Erik Gudbranson.
5:12 of 3rd period - Stopped by Anton Khudobin without a rebound.
5:13 of 3rd period - Mark Scheifele wins face-off versus Anthony Cirelli in TORONTO zone.
5:13 of 3rd period - Alex Pietrangelo is hit by Andre Burakovsky and loses puck.
5:34 of 3rd period - Shot by Jeff Skinner.
5:34 of 3rd period - Shot Misses the Net.
5:42 of 3rd period - Shot by Brayden Point.
5:42 of 3rd period - Stopped by Brian Elliott with a rebound.
6:20 of 3rd period - Josh Morrissey is hit by Travis Sanheim.
7:06 of 3rd period - Shot by Richard Panik.
7:06 of 3rd period - Shot Misses the Net.
7:42 of 3rd period - Alex Pietrangelo is hit by Tyler Pitlick and loses puck.
7:51 of 3rd period - Shot by Jordan Martinook.
7:51 of 3rd period - Shot Misses the Net.
7:53 of 3rd period - Shot by Curtis Lazar.
7:53 of 3rd period - Deflect By Ryan Reaves.
7:53 of 3rd period - Shot Misses the Net.
7:55 of 3rd period - Shot by Curtis Lazar.
7:55 of 3rd period - Stopped by Brian Elliott without a rebound.
7:56 of 3rd period - Valtteri Filppula wins face-off versus Mark Scheifele in PHILADELPHIA zone.
7:56 of 3rd period - Valtteri Filppula is hit by Brady Tkachuk.
8:07 of 3rd period - Shot by Kevin Shattenkirk.
8:07 of 3rd period - Stopped by Brian Elliott without a rebound.
8:08 of 3rd period - Joe Pavelski wins face-off versus Jack Hughes in PHILADELPHIA zone.
8:17 of 3rd period - Shot by Ondrej Palat.
8:17 of 3rd period - Stopped by Brian Elliott without a rebound.
8:18 of 3rd period - Mark Scheifele wins face-off versus Andy Andreoff in PHILADELPHIA zone.
9:53 of 3rd period - Shot by Jack Hughes.
9:53 of 3rd period - Deflect By Eeli Tolvanen.
9:53 of 3rd period - Stopped by Anton Khudobin without a rebound.
9:54 of 3rd period - Radek Faksa wins face-off versus Nick Suzuki in TORONTO zone.
9:59 of 3rd period - Shot by Tyler Pitlick.
9:59 of 3rd period - Shot Misses the Net.
10:06 of 3rd period - Radek Faksa is hit by Jordie Benn and loses puck.
10:59 of 3rd period - Alex Pietrangelo is hit by Anthony Cirelli.
11:55 of 3rd period - Shot by Joe Pavelski.
11:55 of 3rd period - Shot Misses the Net.
12:21 of 3rd period - Shot by Andy Andreoff.
12:21 of 3rd period - Stopped by Anton Khudobin without a rebound.
12:22 of 3rd period - Jack Hughes wins face-off versus Oskar Lindblom in TORONTO zone.
12:33 of 3rd period - Shot by Jack Hughes.
12:33 of 3rd period - Stopped by Anton Khudobin with a rebound.
12:35 of 3rd period - Shot by Jack Hughes.
12:35 of 3rd period - Shot Misses the Net.
13:31 of 3rd period - Shot by Curtis Lazar.
13:31 of 3rd period - Shot Blocked by Tyler Pitlick.
14:55 of 3rd period - Shot by Brayden Point.
14:55 of 3rd period - Shot Blocked by Adam Pelech.
14:58 of 3rd period - Icing by Travis Sanheim.
14:59 of 3rd period - Joe Pavelski wins face-off versus Radek Faksa in PHILADELPHIA zone.
15:18 of 3rd period - Shot by Ondrej Palat.
15:18 of 3rd period - Shot Misses the Net.
15:52 of 3rd period - Shot by Richard Panik.
15:52 of 3rd period - Stopped by Brian Elliott without a rebound.
15:53 of 3rd period - Brady Tkachuk wins face-off versus Valtteri Filppula in PHILADELPHIA zone.
15:58 of 3rd period - Shot by Mark Scheifele.
15:58 of 3rd period - Stopped by Brian Elliott without a rebound.
15:59 of 3rd period - Valtteri Filppula wins face-off versus Mark Scheifele in PHILADELPHIA zone.
16:05 of 3rd period - Icing by Kevin Shattenkirk.
16:06 of 3rd period - Brayden Point wins face-off versus Anthony Cirelli in TORONTO zone.
16:06 of 3rd period - Minor Penalty to Andre Burakovsky for Interference.
16:07 of 3rd period - Mark Scheifele wins face-off versus Anthony Cirelli in PHILADELPHIA zone.
16:24 of 3rd period - Shot by Mark Scheifele.
16:24 of 3rd period - Shot Misses the Net.
16:38 of 3rd period - Shot by Brady Tkachuk.
16:38 of 3rd period - Stopped by Brian Elliott with a rebound.
16:40 of 3rd period - Shot by Mark Scheifele.
16:40 of 3rd period - Shot Misses the Net.
16:42 of 3rd period - Shot by Alex Pietrangelo.
16:42 of 3rd period - Stopped by Brian Elliott without a rebound.
16:43 of 3rd period - Joe Pavelski wins face-off versus Anthony Cirelli in PHILADELPHIA zone.
18:38 of 3rd period - Shot by Curtis Lazar.
18:38 of 3rd period - Stopped by Brian Elliott without a rebound.
18:39 of 3rd period - Radek Faksa wins face-off versus Nick Suzuki in PHILADELPHIA zone.
18:39 of 3rd period - Radek Faksa is hit by Oskar Lindblom.
19:04 of 3rd period - PHILADELPHIA, Brian Elliott is pulled from the net.
19:43 of 3rd period - Shot by Jeff Skinner.
19:43 of 3rd period - Stopped by Anton Khudobin without a rebound.
19:44 of 3rd period - Anthony Cirelli wins face-off versus Mark Scheifele in TORONTO zone.
Goals for this period are 0 for TORONTO vs 1 for PHILADELPHIA.
Shots for this period are 10 for TORONTO vs 9 for PHILADELPHIA.